 Dungeon Crawl Stone Soup version 0.23-a0-370-gf497b7c (webtiles) character file.

335 Garbasso the Digger (level 6, -2/37 HPs)
             Began as a Gargoyle Earth Elementalist on Oct 24, 2018.
             Slain by a bullfrog (5 damage)
             ... in a sewer.
             The game lasted 00:14:33 (3478 turns).

Garbasso the Digger (Gargoyle Earth Elementalist)   Turns: 3478, Time: 00:14:34

Health: -2/37      AC:  7    Str: 12    XL:     6   Next: 53%
Magic:  1/10       EV: 12    Int: 17    God:
Gold:   109        SH:  0    Dex: 10    Spells: 2/11 levels left

rFire    + . .     SeeInvis .   j - +0 short sword (venom)
rCold    . . .     Gourm    +   (no shield)
rNeg     + . .     Faith    .   c - +0 robe
rPois    ∞         Spirit   .   (no helmet)
rElec    +         Reflect  .   (no cloak)
rCorr    .         Harm     .   o - +0 pair of gloves
MR       .....                  (no boots)
Stlth    +.........             l - amulet of the gourmand
HPRegen  0.12/turn              p - ring of protection from fire
MPRegen  0.12/turn              (no ring)

@: very slightly contaminated, very slow
A: negative energy resistance 1, electricity resistance, unbreathing,
petrification resistance, rot immunity, AC +4
a: no special abilities


You were in a sewer.
You were completely stuffed.

You visited 1 branch of the dungeon, and saw 3 of its levels.
You also visited: Sewer.

You collected 109 gold pieces.

Inventory:

Hand Weapons
 j - a +0 short sword of venom (weapon)
Missiles
 b - 34 stones (quivered)
Armour
 c - a +0 robe (worn)
 o - a +0 pair of gloves (worn)
Jewellery
 l - an amulet of the gourmand (around neck)
 p - a ring of protection from fire (left hand)
 t - an uncursed ring of fire
Scrolls
 a - 2 scrolls of enchant weapon {unknown}
 f - 3 scrolls of remove curse {unknown}
 i - 3 scrolls of fear
 s - a scroll of blinking {unknown}
 u - 2 scrolls of magic mapping {unknown}
 v - 2 scrolls of teleportation {unknown}
Potions
 e - a potion of might {unknown}
 g - 7 potions of curing
 h - a potion of brilliance
 k - a potion of flight
 m - a potion of berserk rage {unknown}
 n - a potion of mutation {unknown}
 r - 3 potions of heal wounds
Comestibles
 d - 4 rations
 q - 4 chunks of flesh


   Skills:
 + Level 3.0 Fighting
 - Level 1.5 Dodging
 - Level 2.1 Stealth
 + Level 3.2 Spellcasting
 + Level 2.1 Conjurations
   Level 0.7 Transmutations
 * Level 6.2 Earth Magic


You had 2 spell levels left.
You knew the following spells:

 Your Spells              Type           Power        Failure   Level  Hunger
a - Sandblast             Erth           ###...       1%          1    None
b - Stone Arrow           Conj/Erth      ###...       9%          3    ###....
c - Lee's Rapid Deconstr  Erth           ###.......   34%         5    ######.

Your spell library contained the following spells:

 Spells                   Type           Power        Failure   Level  Hunger
 Passwall                 Tmut/Erth      ##......     6%          2    ##.....
 Petrify                  Tmut/Erth      ##......     38%         4    ####...


Dungeon Overview and Level Annotations

Branches:
Dungeon (3/15)

Altars:
Fedhas
Gozag
Makhleb
Ru
Xom
The Shining One


Innate Abilities, Weirdness & Mutations

You are resistant to torment.
Your stone body is resilient. (AC +4)
You are immune to poison.
You resist negative energy. (rN+)
You are resistant to electric shocks. (rElec)
You can survive without breathing.
You are immune to petrification.
You are immune to rotting.


Message History

The frilled lizard bites you but does no damage.
The bullfrog hits you.
* * * LOW HITPOINT WARNING * * *
You closely miss the frilled lizard. The frilled lizard barely misses you.
The bullfrog misses you.
You closely miss the bullfrog. The bullfrog misses you.
The frilled lizard bites you but does no damage.
The bullfrog closely misses you.
You hit the bullfrog.
The bullfrog is poisoned.
The bullfrog is moderately wounded.
The frilled lizard barely misses you. The bullfrog completely misses you.
The frilled lizard barely misses you. The bullfrog hits you.
* * * LOW HITPOINT WARNING * * *
You enter the shallow water.
Moving in this stuff is going to be slow.
The bullfrog hits you but does no damage.
The bullfrog misses you.
The bullfrog hits you but does no damage.
The bullfrog hits you.
You die...

#.........#.......#
##......##'##......#
#......##..###......
#.≈≈≈≈.##..# ##≈≈≈≈.
#≈≈≈≈≈≈##### #≈≈≈≈≈≈
#≈≈≈≈≈≈# #≈≈≈≈≈≈
#≈≈≈≈≈≈# #÷≈≈≈≈≈
#≈≈≈≈≈≈# #≈≈≈≈≈≈
#≈≈@≈≈≈# #≈≈≈≈≈≈
#≈≈F≈≈≈# #≈≈≈÷≈≈
#≈≈#≈≈≈# #≈≈..≈≈
#≈.†≈≈≈# #≈≈≈≈≈#
#≈††≈≈≈# #≈≈≈≈≈≈
#≈≈≈≈≈≈# #≈≈≈≈≈≈
#≈≈≈≈≈≈# #≈≈≈≈≈≈
#≈≈≈≈≈≈# #≈≈≈≈≈≈
#≈≈≈≈≈≈# #≈≈≈≈≈≈


You could see a bullfrog.

Vanquished Creatures
  A bullfrog (Sewer)
  A hound (D:3)
  4 river rats (Sewer)
  9 adders
  3 worms (D:2)
  A dart slug (D:1)
  2 leopard geckos
  5 orcs (D:3)
  13 bats
  2 giant cockroaches
  10 goblins
  9 hobgoblins
  A quokka (D:2)
  11 ball pythons (Sewer)
  5 frilled lizards
  14 kobolds
  31 rats
122 creatures vanquished.

Notes
Turn   | Place    | Note
-------+----------+-------------------------------------------
     0 | D:1      | Garbasso the Gargoyle Earth Elementalist began the quest
                  | for the Orb.
     0 | D:1      | Reached XP level 1. HP: 10/10 MP: 3/3
   125 | D:1      | Reached skill level 4 in Earth Magic
   125 | D:1      | Reached XP level 2. HP: 14/16 MP: 3/5
   379 | D:1      | Reached skill level 1 in Fighting
   671 | D:1      | Reached XP level 3. HP: 20/20 MP: 6/6
  1204 | D:2      | Found an opulent altar of Gozag.
  1295 | D:2      | Learned a level 3 spell: Stone Arrow
  1486 | D:2      | Reached XP level 4. HP: 26/26 MP: 3/7
  1732 | D:2      | Reached skill level 5 in Earth Magic
  2066 | D:3      | Found a blossoming altar of Fedhas.
  2245 | D:3      | Found a sacrificial altar of Ru.
  2247 | D:3      | Found a glowing golden altar of the Shining One.
  2249 | D:3      | Found a shimmering altar of Xom.
  2314 | D:3      | Found a burning altar of Makhleb.
  2318 | D:3      | Reached XP level 5. HP: 30/30 MP: 6/9
  2359 | D:3      | Learned a level 5 spell: Lee's Rapid Deconstruction
  2395 | D:3      | Reached skill level 1 in Conjurations
  2580 | D:3      | Found a glowing drain.
  2588 | Sewer    | Entered a sewer
  3099 | Sewer    | Reached XP level 6. HP: 7/36 MP: 8/10
  3155 | Sewer    | Reached skill level 6 in Earth Magic
  3478 | Sewer    | Slain by a bullfrog

Vault maps used:
D:1:      scummos_arrival_hexagon
D:2:      nicolae_gozag_seed_capital, serial_forest,
          infiniplex_forest_clump_long, infiniplex_forest_lined_3,
          infiniplex_forest_diagonal, infiniplex_forest_fountain,
          infiniplex_forest_end_1, infiniplex_forest_clump_medium,
          infiniplex_forest_clump_large, infiniplex_forest_lined_4_way,
          infiniplex_forest_lined_ring, infiniplex_forest_lined_room_2,
          first_ration
D:3:      makhleb_heckhound_becter, fedhas_ov_isle_minmay,
          grunt_temple_overflow_diamond, cheibrodos_sewer_entry_bend
Sewer:    sewer_minmay_w

Skill      XL: |  1  2  3  4  5  6 |
---------------+-------------------+-----
Earth Magic    | 4 5 6 |  6.2
Fighting       | 1 2 3 |  3.0
Conjurations   | 1 2 |  2.1
Spellcasting   | 3 |  3.2
Dodging        | |  1.5
Stealth        | |  2.1
Transmutations | |  0.7

Action                   |  1- 3 |  4- 6 || total
-------------------------+-------+-------++-------
Melee: Dagger            |    25 |       ||    25
       Short sword       |    67 |   172 ||   239
 Cast: Sandblast         |    22 |    33 ||    55
       Stone Arrow       |     1 |    12 ||    13
  Use: Scroll            |       |     6 ||     6
 Stab: Sleeping          |     1 |       ||     1
  Eat: Chunk             |     8 |    12 ||    20
Armor: Robe              |    36 |   154 ||   190
Dodge: Dodged            |    72 |   234 ||   306

Table legend:
 A = Non-vault XP
 B = Vault XP
 C = Vault XP percentage of total XP
 D = Non-vault monster count
 E = Vault monster count
 F = Vault count percentage of total count
                 A         B        C        D         E       F
            +---------+---------+-------+---------+---------+-------
      Total |     175 |     304 |  63.5 |      75 |      47 |  38.5
            +---------+---------+-------+---------+---------+-------
        D:1 |      46 |       0 |   0.0 |      28 |       0 |   0.0
        D:2 |      75 |       0 |   0.0 |      26 |       0 |   0.0
        D:3 |      54 |      40 |  42.6 |      21 |       1 |   4.5
      Sewer |       0 |     264 | 100.0 |       0 |      46 | 100.0
            +---------+---------+-------+---------+---------+-------
